 Dungeon Crawl Stone Soup version 0.17-a0-1642-gd4b747b (webtiles) character file.

2 Gorice the Magician (level 1, 0/11 HPs)
             Began as an Octopode Wanderer on Aug 8, 2015.
             Slain by a bat (1 damage)
             ... on level 1 of the Dungeon.
             The game lasted 00:02:03 (164 turns).

Gorice the Magician (Octopode Wanderer)              Turns: 164, Time: 00:02:03

Health: 0/11       AC:  1    Str: 12    XL:     1   Next: 30%
Magic:  4/4        EV: 11    Int: 15    God:
Gold:   0          SH:  0    Dex:  9    Spells: 2 memorised, 4 levels left

rFire  . . .     SeeInvis .     d - +0 club
rCold  . . .     Clarity  .     (no shield)
rNeg   . . .     SustAt   .     (helmet restricted)
rPois  .         Gourm    .     (no amulet)
rElec  .         Spirit   .     (no ring)
rCorr  .         Warding  .     (no ring)
rMut   .         Stasis   .     (no ring)
MR     .....                    (no ring)
Stlth  +++.......               (no ring)
                                (no ring)
                                (no ring)
                                (no ring)

@: not resistant to hostile enchantments, fairly stealthy
A: almost no armour, amphibious, 8 rings, constrict 8, camouflage 1, gelatinous
body 1
a: no special abilities


You were on level 1 of the Dungeon.
You were not hungry.

You visited 1 branch of the dungeon, and saw 1 of its levels.

Inventory:

Hand weapons
 d - a +0 club (weapon)
 e - a +0 dagger
Scrolls
 h - a scroll of magic mapping {unknown}
Potions
 c - a potion of curing
 g - a potion of ambrosia {unknown}
Books
 a - a book of Minor Magic
 b - the Tome of Snow

   Spells                             Type                      Level
   a - Freeze                         Ice                          1
   b - Ozocubu's Armour               Charms/Ice                   3
Comestibles
 f - a bread ration {!e}
 i - a chunk of flesh


   Skills:
 - Level 2.6 Stealth
 + Level 3.0 Spellcasting
 * Level 0.2 Conjurations
   Level 2.0 Hexes
   Level 2.0 Charms
   Level 1.0 Transmutations


You had 4 spell levels left.
You knew the following spells:

 Your Spells              Type           Power        Failure   Level  Hunger
a - Magic Dart            Conj           #...         21%         1    #......
b - Freeze                Ice            #...         21%         1    #......


Dungeon Overview and Level Annotations

Branches:
Dungeon (1/15)

Altars:


Innate Abilities, Weirdness & Mutations

You cannot wear most types of armour.
You are amphibious.
You can wear up to eight rings at the same time.
You can use your tentacles to constrict eight enemies at once.
Your skin changes colour to match your surroundings (Stealth).
Your rubbery body absorbs attacks (AC +1).


Message History

Press: ? - help, Shift-Dir - straight line, f/p - hobgoblin
Aim: a hobgoblin The magic dart hits the goblin.
The goblin is moderately wounded.
The goblin hits you with a dagger.
Damage: 3 (max 3)
Casting: Magic Dart
Confirm with . or Enter, or press ? or * to list all spells.
Aiming: Magic Dart
Press: ? - help, Shift-Dir - straight line, f/p - hobgoblin
Aim: a hobgoblin The magic dart hits the goblin.
The goblin is almost dead.
The goblin hits you with a dagger.
Damage: 4 (max 4)
A kobold comes into view.
The goblin closely misses you.
A hobgoblin comes into view.
The goblin hits you with a dagger.
* * * LOW HITPOINT WARNING * * *
Damage: 1 (max 4)
Casting: Magic Dart
Confirm with . or Enter, or press ? or * to list all spells.
Aiming: Magic Dart
Press: ? - help, Shift-Dir - straight line, f/p - hobgoblin
Aim: a hobgoblin The magic dart hits the goblin.
You kill the goblin!
Your magical contamination has completely faded away.
Found a coppery potion.
Found a scroll labeled QESHEU WAASUACYA.
A bat comes into view.
Found 13 gold pieces.
The bat hits you.
* * * LOW HITPOINT WARNING * * *
Found a scroll labeled NOUTAMYKOZ.
You see here a coppery potion.
Damage: 1 (max 4)
The bat barely misses you. The bat barely misses you.
The bat barely misses you.
You see here a scroll labeled QESHEU WAASUACYA.
The bat hits you.
* * * LOW HITPOINT WARNING * * *
Damage: 1 (max 4)
The bat barely misses you. The bat hits you.
* * * LOW HITPOINT WARNING * * *
The bat hits you.
You die...

#.# #.##.#.## #.###
#........
#####...#######..#..#
#..................##
#.#####.####.รท###.#.#
. #)# #.# #..# ....S.
#.# #.# ##.###.##.#.
#.# #.# #..........
#.# #.# ###@.......
#.# #.# #b.$..... #.#
#.# ###..###### #.#
#.#####.g..# ##.#
#....!.....# ...#
######.....# ####
##....# ###### #....#
...... .....#


You could see a hobgoblin and a bat.

Vanquished Creatures
  A goblin (D:1)
  A rat (D:1)
2 creatures vanquished.

Notes
Turn   | Place    | Note
--------------------------------------------------------------
     0 | D:1      | Gorice the Octopode Wanderer began the quest for the Orb.
     0 | D:1      | Gorice set off with: a book of Minor Magic, the Tome of Snow, a potion of curing, a +0 club, a +0 dagger, a bread ration {!e}
     0 | D:1      | Reached XP level 1. HP: 11/11 MP: 4/4
     0 | D:1      | Identified the Tome of Snow
     2 | D:1      | Learned a level 1 spell: Magic Dart
     4 | D:1      | Learned a level 1 spell: Freeze
   137 | D:1      | HP: 3/11 [goblin/dagger (1)]
   158 | D:1      | HP: 3/11 [bat (1)]
   164 | D:1      | HP: 1/11 [bat (1)]
   164 | D:1      | Slain by a bat

Vault maps used:
D:1:      lightli_molten_gateway, minivault_25

Action                   || total
-------------------------++-------
 Cast: Magic Dart        ||     5

Table legend:
 A = Turns spent in this place as a percentage of turns spent in the entire game.
 B = Non-inter-level travel turns spent in this place as a percentage of non-inter-level travel turns spent in the entire game.
 C = Inter-level travel turns spent in this place as a percentage of turns spent in this place.
 D = Turns resting spent in this place as a percentage of non-inter-level travel turns spent in this place.
 E = Turns spent auto-exploring this place as a percentage of non-inter-level travel turns spent in this place.
 F = Non-inter-level travel turns spent in this place divided by the number of levels of this place that you've seen.
                   A       B       C       D       E      F
               +-------+-------+-------+-------+-------+----------------------
         Total | 100.0 | 100.0 |   0.0 |   0.0 |   1.7 | 119.0
       Dungeon | 100.0 | 100.0 |   0.0 |   0.0 |   1.7 | 119.0
               +-------+-------+-------+-------+-------+----------------------

Vault maps used:
D:1:      lightli_molten_gateway, minivault_25
